Map: Oxide LE

Players

Zoun - Winner!

  • Race: Protoss Protoss

MaxPax

  • Race: Protoss Protoss

Event: TSL 7

VOD

Have the link to the VOD?

Description

Time

  • Played on: June 13, 2021, 11:54 a.m.
  • Length: 9:07

All games in this series

Show
View Real Time Build Order
Export as new Build Order

Zoun Protoss - Winner!

Build Orders: Blink Stalkers 

Get SALT Encoding   

  12  0:00  Probe  
  13  0:12  Probe  
  14  0:17  Pylon  
  14  0:24  Probe (Chrono Boost)  
  15  0:36  Probe (Chrono Boost)  
  15  0:38  Gateway  
  16  0:44  Probe (Chrono Boost)  
  16  0:46  Assimilator  
  17  0:51  Probe  
  18  1:03  Probe (Chrono Boost)  
  19  1:04  Assimilator  
  19  1:06  Pylon  
  19  1:13  Probe (Chrono Boost)  
  19  1:18  Probe (Chrono Boost)  
  21  1:28  Cybernetics Core  
  21  1:29  Probe  
  22  1:36  Zealot  
  24  1:41  Probe  
  25  1:53  Probe  
  26  2:03  Stalker (Chrono Boost)  
  26  2:05  Warp Gate  
  28  2:17  Nexus  
  28  2:21  Probe  
  29  2:26  Pylon  
  29  2:34  Probe, Sentry  
  31  2:42  Gateway  
  31  2:47  Shield Battery  
  31  2:51  Probe  
  32  3:00  Twilight Council  
  32  3:03  Sentry  
  34  3:09  Shield Battery  
  34  3:12  Probe  
  35  3:27  Probe  
  35  3:30  Probe  
  37  3:39  Probe  
  38  3:42  Probe  
  38  3:45  Blink (Chrono Boost)  
  37  3:51  Probe  
  37  3:52  Shield Battery  
  37  3:53  Stalker x2  
  42  3:58  Shield Battery  
  42  4:03  Pylon  
  42  4:06  Probe  
  42  4:09  Probe (Chrono Boost)  
  44  4:12  Phoenix  
  44  4:19  Probe (Chrono Boost)  
  44  4:21  Probe (Chrono Boost), Sentry  
  48  4:25  Forge  
  48  4:27  Stalker  
  48  4:28  Probe (Chrono Boost)  
  48  4:29  Probe (Chrono Boost)  
  51  4:33  Probe (Chrono Boost)  
  51  4:35  Probe  
  52  4:45  Probe  
  53  4:47  Probe  
  53  4:48  Protoss Ground Weapons Level 1 (Chrono Boost)  
  53  4:52  Phoenix  
  54  4:57  Probe  
  54  4:59  Probe  
  56  5:00  Nexus  
  56  5:07  Pylon  
  56  5:09  Probe  
  56  5:10  Assimilator  
  56  5:11  Probe  
  58  5:15  Robotics Facility  
  58  5:24  Gateway  
  58  5:25  Gateway  
  58  5:29  Probe x2  
  58  5:33  Stalker  
  62  5:40  Shield Battery  
  62  5:41  Probe  
  62  5:42  Probe  
  64  5:50  Gateway x2  
  64  5:52  Stalker  
  64  5:56  Probe x2  
  68  6:02  Observer  
  69  6:08  Probe, Pylon  
  70  6:11  Probe  
  70  6:12  Stalker  
  70  6:14  Charge  
  70  6:18  Shield Battery, Stalker  
  75  6:20  Stalker  
  75  6:25  Stalker  
  79  6:28  Probe  
  79  6:30  Probe x2  
  82  6:40  Probe  
  82  6:42  Probe, Stalker  
  82  6:43  Stalker  
  82  6:44  Probe  
  82  6:45  Pylon  
  89  6:51  Stalker x2  
  93  6:58  Probe x2  
  91  7:03  Pylon  
  91  7:05  Gateway  
  91  7:08  Gateway  
  91  7:10  Observer  
  91  7:11  Stalker x2  
  92  7:25  Warp Prism (Chrono Boost)  
  92  7:28  Templar Archives, Gateway  
  94  7:30  Probe x3, Gateway  
  94  7:34  Observer  
  94  7:35  Pylon  
  94  7:36  Zealot x2  
  101  7:42  Pylon  
  101  7:45  Photon Cannon  
  99  7:52  Zealot x4  
  107  8:01  Zealot x3  
  113  8:16  Zealot x5  
  123  8:23  Zealot  
  125  8:30  Zealot  
  125  8:31  Zealot  
  123  8:36  Probe x2  
  117  8:43  Zealot  
  117  8:44  Zealot x7  
  117  8:54  Stalker x2  
Show
View Real Time Build Order
Export as new Build Order

MaxPax Protoss 

Build Orders: Oracle Opening 

Get SALT Encoding   

  12  0:00  Probe  
  13  0:12  Probe  
  14  0:19  Pylon  
  14  0:24  Probe  
  15  0:37  Probe (Chrono Boost)  
  15  0:38  Gateway  
  16  0:47  Assimilator  
  16  0:48  Probe (Chrono Boost)  
  17  0:52  Probe (Chrono Boost)  
  18  1:03  Probe (Chrono Boost)  
  19  1:05  Assimilator  
  19  1:07  Pylon  
  19  1:15  Probe (Chrono Boost)  
  20  1:20  Probe (Chrono Boost)  
  21  1:25  Cybernetics Core  
  21  1:30  Probe  
  21  1:31  Zealot  
  24  1:42  Probe  
  25  1:54  Probe  
  26  2:02  Adept (Chrono Boost)  
  28  2:11  Probe  
  28  2:14  Pylon, Stargate  
  29  2:22  Warp Gate  
  29  2:30  Adept  
  30  2:41  Nexus  
  30  2:44  Probe  
  30  2:51  Void Ray (Chrono Boost)  
  35  3:00  Probe  
  36  3:09  Stalker  
  38  3:15  Pylon  
  38  3:18  Probe  
  39  3:32  Probe  
  38  3:34  Oracle (Chrono Boost)  
  41  3:44  Probe  
  38  3:55  Probe, Twilight Council  
  38  3:57  Probe  
  40  4:07  Probe  
  40  4:09  Probe (Chrono Boost)  
  42  4:10  Stalker  
  42  4:15  Forge  
  44  4:20  Probe (Chrono Boost)  
  46  4:27  Probe (Chrono Boost)  
  46  4:29  Probe (Chrono Boost)  
  47  4:33  Probe (Chrono Boost), Blink (Chrono Boost)  
  47  4:34  Probe (Chrono Boost)  
  49  4:41  Assimilator  
  49  4:44  Stalker  
  49  4:45  Probe, Pylon  
  52  4:46  Probe  
  52  4:50  Gateway  
  52  4:51  Protoss Ground Weapons Level 1 (Chrono Boost)  
  53  4:57  Probe  
  54  5:02  Probe  
  54  5:06  Gateway x2  
  55  5:14  Stalker  
  57  5:22  Pylon  
  57  5:23  Shield Battery  
  57  5:28  Probe x2  
  57  5:32  Dark Shrine  
  59  5:41  Stalker  
  61  5:46  Nexus  
  61  5:47  Stalker  
  63  5:50  Probe  
  63  5:51  Probe  
  65  6:01  Stalker x2  
  65  6:03  Probe  
  65  6:04  Probe  
  71  6:06  Stalker  
  71  6:10  Pylon  
  73  6:14  Photon Cannon  
  73  6:15  Probe  
  73  6:16  Probe  
  73  6:17  Stalker  
  77  6:27  Probe  
  77  6:28  Probe  
  79  6:39  Charge  
  77  6:40  Probe (Chrono Boost)  
  77  6:42  Probe (Chrono Boost)  
  77  6:43  Stalker x4  
  86  6:54  Gateway, Pylon  
  86  6:57  Probe (Chrono Boost)  
  86  6:59  Probe (Chrono Boost)  
  85  7:03  Shield Battery  
  86  7:10  Probe, Stalker x2  
  86  7:11  Stalker  
  86  7:12  Probe  
  86  7:14  Probe  
  93  7:22  Probe  
  90  7:24  Probe  
  90  7:26  Probe  
  92  7:30  Assimilator  
  92  7:32  Gateway  
  92  7:35  Gateway  
  92  7:36  Gateway  
  92  7:38  Templar Archives  
  92  7:42  Zealot x2  
  96  7:44  Zealot  
  96  7:46  Zealot  
  98  7:52  Zealot  
  100  8:00  Robotics Facility  
  100  8:04  Photon Cannon  
  100  8:08  Pylon  
  100  8:09  Pylon  
  100  8:10  Sentry  
  100  8:11  Zealot x2  
  100  8:12  Pylon  
  106  8:14  Pylon  
  106  8:23  Zealot, Pylon  
  107  8:30  Zealot x3  
  97  8:34  Zealot x4  
  90  8:44  Stalker  
  71  8:51  Stalker x3  
Tags
 
Composition
Blink Stalkers
Event
TSL 7
Matchup
PvP
Add a new tag
Caveats
  • Supply blocks, unpowered buildings, or Contaminate may cause inaccurate times.
  • Supply counts are checked every 10 seconds.